[Event "Early-Titled-Tuesday-Blitz-January-30-2024"]
[Site "Chess.com"]
[Date "2024.01.30"]
[Round "10"]
[White "ilqar_74"]
[Black "IlanSchnaider"]
[Result "1-0"]
[WhiteElo "2845"]
[BlackElo "2667"]
[TimeControl "180+1"]
[EndTime "10:00:39 PST"]
[Termination "ilqar_74 won on time"]

1. e4 c5 2. Nf3 d6 3. d4 cxd4 4. Nxd4 Nf6 5. Nc3 a6 6. a3 e5 7.
Nf5 d5 8. Bg5 d4 9. Bxf6 Qxf6 10.
Nd5 Qd8 11. c4 g6 12. Nxd4 Bg7 13. Nf3 O-O 14. Bd3 Nc6 15. O-O Bg4 16. h3 Bxf3 17.
Qxf3 Nd4 18. Qd1 f5 19. b4 Rc8 20. c5 Kh8 21. Rc1 Qg5 22. Kh1 Qh4 23. Qe1 Bh6 24. Rb1 Rcd8 25. f3 Qh5 26. a4 g5 27.
Ne3 Nxf3 28. Rxf3 Rxd3 29. Qf1 g4 30. Rxf5 Rxf5 31. Qxf5 Qxf5 32. Nxf5 Bf4 33. hxg4 Ra3 34. b5 axb5 35. axb5 Rc3 36. c6 b6 37. Kg1 Kg8 38. Kf2 Kf7 39. g3 Bg5 40. Rd1 Rc2+ 41. Kf1 Rc3 42.
Rd7+ Ke8 43. Nd6+ Kf8 44. c7 Rc1+ 45. Ke2 Rc2+ 46. Kd1 Rc1+ 47. Ke2 Rc2+ 48. Kd3 Rd2+ 49. Kc3 1-0

[Event "Early-Titled-Tuesday-Blitz-January-30-2024"]
[Site "Chess.com"]
[Date "2024.01.30"]
[Round "10"]
[White "yaguigor"]
[Black "leotobares"]
[Result "0-1"]
[WhiteElo "2540"]
[BlackElo "2421"]
[TimeControl "180+1"]
[EndTime "10:00:39 PST"]
[Termination "leotobares won by resignation"]

1. d4 Nf6 2. c4 e6 3. Nf3 Bb4+ 4. Bd2 Qe7 5. g3 Nc6 6. Nc3 Bxc3 7. Bxc3 Ne4 8. Rc1 d6 9. Bg2 O-O 10. O-O Nxc3 11. Rxc3 e5 12. d5 Nb8 13. b4 a5 14.
a3 axb4 15. axb4 Na6 16. Qb3 c5 17. dxc6 bxc6 18. Nd2 Bb7 19. Rfc1 c5 20. b5 Nb4 21. Rf1 Bxg2 22. Kxg2 Ra2 23. Rd1 Rfa8 24. e4 g6 25. Qb1 Qb7 26. Nf1 Ra1 27. Qxa1 Rxa1 28. Rxa1 Qxe4+ 29. Kg1 Qd4 30. Rcc1 Nd3 31. Rd1 Qxf2+ 32. Kh1 Qf3+ 33. Kg1 Nf2 34. h4 Nxd1 0-1

[Event "Early-Titled-Tuesday-Blitz-January-30-2024"]
[Site "Chess.com"]
[Date "2024.01.30"]
[Round "10"]
[White "nikitadovbnya2008"]
[Black "UnTucopalaTimba"]
[Result "0-1"]
[WhiteElo "2133"]
[BlackElo "1947"]
[TimeControl "180+1"]
[EndTime "10:00:41 PST"]
[Termination "UnTucopalaTimba won on time"]

1. d4 Nf6 2. c4 e6 3. Nc3 Bb4 4.
f3 c5 5. a3 Bxc3+ 6. bxc3 O-O 7. e4 d6 8. Bd3 b6 9. Ne2 Nc6 10. O-O Ba6 11. Be3 Na5 12. Ng3 Bxc4 13. f4 Bxd3 14.
Qxd3 Nd7 15. f5 e5 16. Rad1 Rc8 17. d5 c4 18. Qd2 Nb3 19. Qe2 Qh4 20. Rf3 Nbc5 21.
Bxc5 Nxc5 22. f6 gxf6 23. Re1 Nd3 24. Rd1 Nf4 25. Qf2 Kh8 26. Qe3 Rg8 27. Rd2 Rc5 0-1

[Event "Early-Titled-Tuesday-Blitz-January-30-2024"]
[Site "Chess.com"]
[Date "2024.01.30"]
[Round "10"]
[White "Durarbayli"]
[Black "tuschessCM1"]
[Result "1-0"]
[WhiteElo "2902"]
[BlackElo "2674"]
[TimeControl "180+1"]
[EndTime "10:00:43 PST"]
[Termination "Durarbayli won on time"]

1. c4 Nf6 2. Nc3 g6 3. g3 Bg7 4. Bg2 O-O 5. d4 d6 6. Nf3 Nc6 7. d5 Na5 8. Nd2 c5 9. O-O Rb8 10. a4 a6 11. Ra3 Bd7 12. b3 b5 13. axb5 axb5 14. cxb5 Bxb5 15. Bb2 Bd7 16. Qa1 Nb7 17. Nc4 Ng4 18. Ne4 Bxb2 19. Qxb2 Bb5 20. Rfa1 Bxc4 21.
bxc4 Ne5 22. Qc3 Qb6 23. Rb3 Qc7 24. Ra7 Qc8 25. h3 Rd8 26. f4 Nd7 27. Kh2 Nf8 28.
Nf2 Rd7 29. Ng4 f6 30. e4 Nd8 31. Rba3 Rxa7 32. Rxa7 Rb7 33. Ra1 Qb8 34. e5 Rb3 35.
Qe1 f5 36. exd6 exd6 37. Nh6+ Kg7 38. Qe7+ Kxh6 39. Qxf8+ Kh5 40. Qe7 Kh6 41. Qf8+ Kh5 42. Re1 Rb2 43. Qf6 Kh6 44. Re7 Nf7 45. Rxf7 1-0

[Event "Early-Titled-Tuesday-Blitz-January-30-2024"]
[Site "Chess.com"]
[Date "2024.01.30"]
[Round "10"]
[White "RobertoJBM"]
[Black "stepanosinovsky"]
[Result "1-0"]
[WhiteElo "2804"]
[BlackElo "2404"]
[TimeControl "180+1"]
[EndTime "10:00:43 PST"]
[Termination "RobertoJBM won by resignation"]

1. d4 Nf6 2. Nf3 g6 3. e3 Bg7 4.
Be2 O-O 5. O-O d6 6. c4 Nbd7 7. Nc3 e5 8. b3 Re8 9. Bb2 e4 10. Nd2 Qe7 11. Qc2 h5 12. Rae1 c6 13. f3 exf3 14. Bxf3 Ng4 15. Bxg4 hxg4 16. Nd1 Nf6 17.
e4 Bd7 18. Qd3 a5 19. Bc3 Nh7 20. d5 Bxc3 21. Nxc3 c5 22. e5 dxe5 23. d6 Qf8 24. Nd5 Bf5 25. Rxf5 gxf5 26. Qxf5 Qxd6 27. Re4 Re6 28.
Rxg4+ Rg6 29. Ne4 Qe6 30. Qxe6 fxe6 31. Rxg6+ Kf7 32. Rxe6 Kxe6 33. Nc7+ Kf5 34. Ng3+ Kf4 35. Nxa8 Ke3 36. Nb6 Kd3 37. Nd7 Kc3 38. Nxc5 Kb2 39. Nxb7 1-0

[Event "Early-Titled-Tuesday-Blitz-January-30-2024"]
[Site "Chess.com"]
[Date "2024.01.30"]
[Round "10"]
[White "WindWhistler11"]
[Black "Adar_07"]
[Result "0-1"]
[WhiteElo "2479"]
[BlackElo "2646"]
[TimeControl "180+1"]
[EndTime "10:00:46 PST"]
[Termination "Adar_07 won on time"]

1. Nf3 Nf6 2. g3 Nc6 3. d3 e5 4.
Nbd2 d5 5. e4 dxe4 6. dxe4 Bc5 7. h3 Be6 8. Ng5 Qd4 9. Qe2 O-O-O 10. Nxe6 fxe6 11. Bg2 Nb4 12. Nb3 Qd6 13. O-O Bb6 14. a4 a5 15. h4 Kb8 16. Bg5 h6 17. Bxf6 gxf6 18. Rfd1 Qc6 19. c3 Rxd1+ 20. Qxd1 Na6 21. Qf3 Rf8 22. Qh5 Nc5 23. Nxc5 Qxc5 24. Rf1 f5 25. Qxh6 fxe4 26. Qxe6 e3 27. fxe3 Rxf1+ 28. Kxf1 Qxe3 0-1

[Event "Early-Titled-Tuesday-Blitz-January-30-2024"]
[Site "Chess.com"]
[Date "2024.01.30"]
[Round "10"]
[White "Iana_Shirova"]
[Black "whitemirrorninja"]
[Result "1-0"]
[WhiteElo "2327"]
[BlackElo "2462"]
[TimeControl "180+1"]
[EndTime "10:00:47 PST"]
[Termination "Iana_Shirova won by resignation"]

1. e4 c5 2. d4 cxd4 3. c3 d3 4.
Bxd3 Nc6 5. Nf3 d6 6. O-O e6 7. c4 Nf6 8. Nc3 Be7 9. Re1 O-O 10. h3 e5 11. Be3 Be6 12. Rc1 Rc8 13. Ne2 a6 14. a3 Nh5 15. b4 Kh8 16. Qd2 Rg8 17.
Red1 g5 18. Nh2 Nf4 19. Ng3 Qd7 20. Nf5 Bf6 21. Ng4 Bd8 22. Bb1 Bxf5 23. exf5 Bc7 24. b5 Ne7 25. Nxe5 Qe8 26. Ng4 h5 27. Nf6 Qf8 28.
Nxg8 Nxg8 29. Bxf4 gxf4 30. Qxf4 d5 31. Qg5 Nh6 32.
cxd5 Qd6 33. f4 Rg8 34. Qxh5 Qxf4 35. Rxc7 Kg7 36. f6+ Kxf6 37. Rf1 1-0

[Event "Early-Titled-Tuesday-Blitz-January-30-2024"]
[Site "Chess.com"]
[Date "2024.01.30"]
[Round "10"]
[White "AustinThomas12345"]
[Black "ansko1999"]
[Result "1-0"]
[WhiteElo "2516"]
[BlackElo "2663"]
[TimeControl "180+1"]
[EndTime "10:00:48 PST"]
[Termination "AustinThomas12345 won by checkmate"]

1. e4 e6 2. d4 d5 3. Nd2 Nf6 4.
exd5 exd5 5. Ngf3 Bd6 6. Be2 Bf5 7. O-O O-O 8. Nb3 a5 9. a4 Re8 10. h3 h6 11. Be3 Nbd7 12. c3 c6 13. Rc1 Qe7 14. Re1 Bc7 15. Bd3 Bxd3 16. Qxd3 Qd6 17. g3 Qf8 18. Kg2 Ne4 19. Nbd2 f5 20. Bf4 Bxf4 21.
gxf4 Qf6 22. Rg1 Nxd2 23. Nxd2 Re7 24. Nf3 Re4 25. Qd2 Qg6+ 26. Kh2 Qh5 27. Rg3 Rae8 28. Rcg1 R8e7 29. R1g2 Kh8 30. Qc1 b5 31. axb5 cxb5 32.
Qa1 a4 33. Qa3 Rf7 34. Qd6 Kh7 35. Qxd5 Rxf4 36. Ne5 Nxe5 37. Qxe5 Re4 38. Rxg7+ Kh8 39. Rg8+ Kh7 40. Qh8# 1-0

[Event "Early-Titled-Tuesday-Blitz-January-30-2024"]
[Site "Chess.com"]
[Date "2024.01.30"]
[Round "10"]
[White "snowlord"]
[Black "Polish_fighter3000"]
[Result "1-0"]
[WhiteElo "2871"]
[BlackElo "3038"]
[TimeControl "180+1"]
[EndTime "10:00:49 PST"]
[Termination "snowlord won on time"]

1. e4 c6 2. Nc3 Na6 3. d4 Nc7 4. Bd3 d6 5. f4 e5 6. Nf3 exd4 7. Nxd4 Ne6 8. Nf3 Nc5 9. Be3 Nxd3+ 10. Qxd3 Be7 11.
O-O-O Nf6 12. h3 O-O 13. g4 Re8 14. g5 Nd7 15. h4 Bf8 16. h5 Qa5 17. g6 Qa6 18. gxf7+ Kxf7 19. Qd2 b5 20. Kb1 b4 21.
Nd5 Qb7 22. Ng5+ Kg8 23. h6 cxd5 24. hxg7 Bxg7 25. Bd4 h6 26. Bxg7 Kxg7 27. Qd4+ Ne5 28. fxe5 dxe5 29. Qg1 d4 30. Ne6+ Kf6 31. Rxh6+ Ke7 32.
Qg7+ Kd6 33. Nd8+ 1-0

[Event "Early-Titled-Tuesday-Blitz-January-30-2024"]
[Site "Chess.com"]
[Date "2024.01.30"]
[Round "10"]
[White "pfalcon1949"]
[Black "Heinza9"]
[Result "1-0"]
[WhiteElo "1992"]
[BlackElo "2289"]
[TimeControl "180+1"]
[EndTime "10:00:49 PST"]
[Termination "pfalcon1949 won by resignation"]

1. e4 e5 2. Nf3 Nc6 3. Nc3 Nf6 4. Nxe5 Nxe5 5. d4 Ng6 6. e5 Ng8 7. Bc4 d6 8. Qf3 Qd7 9. O-O dxe5 10. Re1 Bd6 11.
dxe5 Nxe5 12. Bf4 f6 13. Bxe5 fxe5 14. Rad1 Qf5 15. Qd5 Ne7 16. Qb5+ c6 17. Qb3 Bc5 18. Ne4 b6 19. Rd2 a5 20. a4 Bd7 21. Nxc5 bxc5 22. Rde2 Ng6 23. Qb7 Ke7 24. Bd3 Qe6 25. Bxg6 hxg6 26.
Rxe5 Qxe5 27. Rxe5+ Kd6 28. Re1 Rhb8 29. Rd1+ Ke5 30.
Qxd7 Rd8 31. Qe7+ Kf5 32. Rxd8 Rxd8 33. Qxd8 1-0

[Event "Early-Titled-Tuesday-Blitz-January-30-2024"]
[Site "Chess.com"]
[Date "2024.01.30"]
[Round "10"]
[White "MKlose11"]
[Black "only_strong_moves"]
[Result "0-1"]
[WhiteElo "2653"]
[BlackElo "2552"]
[TimeControl "180+1"]
[EndTime "10:00:50 PST"]
[Termination "only_strong_moves won by checkmate"]

1. e4 c5 2. Nc3 d6 3. d3 Nc6 4. g3 g6 5. Bg2 Bg7 6. Be3 e6 7. Qd2 h6 8. Nge2 Nd4 9. O-O Ne7 10. Nc1 Rb8 11. Nd1 Ndc6 12. c3 e5 13. Ne2 f5 14.
d4 cxd4 15. cxd4 d5 16. exd5 Nxd5 17. dxe5 Nxe3 18. Qxe3 O-O 19. f4 Be6 20. Ndc3 Qa5 21.
Rad1 Rfd8 22. a3 Bf8 23. Kh1 Bc5 24. Qc1 Bb3 25. Rxd8+ Rxd8 26. Nd5 Bxd5 27. b4 Bxg2+ 28. Kxg2 Bxb4 29. axb4 Qd5+ 30. Kh3 Nxb4 31. Nc3 Qd4 32. Rd1 Nd3 33. Rxd3 Qxd3 34. Qb2 g5 35. Qb3+ Kh8 36. Qf7 Qf1# 0-1

[Event "Early-Titled-Tuesday-Blitz-January-30-2024"]
[Site "Chess.com"]
[Date "2024.01.30"]
[Round "10"]
[White "frequentblunders"]
[Black "Licancabur"]
[Result "0-1"]
[WhiteElo "2181"]
[BlackElo "2429"]
[TimeControl "180+1"]
[EndTime "10:00:50 PST"]
[Termination "Licancabur won on time"]

1. e4 Nf6 2. Nc3 e5 3. Nf3 Nc6 4. d4 exd4 5. Nd5 Be7 6. Nxd4 O-O 7. Nxf6+ Bxf6 8. Nxc6 bxc6 9. Bd3 d5 10. O-O Re8 11. exd5 cxd5 12. Bf4 Bxb2 13. Rb1 Bf6 14. Qf3 c6 15.
Rfe1 Rxe1+ 16. Rxe1 Be6 17. h3 Qb6 18. Be5 Bxe5 19. Rxe5 Qd4 20. Rh5 g6 21. Rg5 Rb8 22. g3 h6 23. Qf6 Qxf6 0-1

[Event "Early-Titled-Tuesday-Blitz-January-30-2024"]
[Site "Chess.com"]
[Date "2024.01.30"]
[Round "10"]
[White "Evgeny81"]
[Black "bilosuvenosu06"]
[Result "1-0"]
[WhiteElo "2719"]
[BlackElo "2546"]
[TimeControl "180+1"]
[EndTime "10:00:52 PST"]
[Termination "Evgeny81 won by resignation"]

1. e4 c6 2. d4 d5 3. e5 Bf5 4. g4 Bg6 5. Nc3 e6 6. Nge2 Nd7 7. h4 h6 8. Nf4 Bh7 9. Bd3 Bxd3 10. Qxd3 Be7 11. Be3 Bxh4 12. O-O-O Bg5 13. Nh5 Bxe3+ 14. fxe3 g6 15. Nf4 Ne7 16. e4 Qb6 17. Rh3 O-O-O 18. Rdh1 dxe4 19. Qxe4 Nf8 20. Rd3 Nh7 21. Rxh6 Ng8 22.
Rh1 Ng5 23. Rxh8 Nxe4 24. Nxe4 Ne7 25. Nd6+ Kc7 26. Rh7 Rd7 27. Rxf7 Qb4 28. c3 Qa4 29. Nxe6+ Kb6 30. Nc5 Qxa2 31. Nxd7+ Kc7 32. Rxe7 Qa1+ 33. Kc2 Qe1 34. Nc5+ Kb8 35. Rxb7+ Ka8 36. Rf7 Qe2+ 37. Rd2 Qb5 1-0

[Event "Early-Titled-Tuesday-Blitz-January-30-2024"]
[Site "Chess.com"]
[Date "2024.01.30"]
[Round "10"]
[White "NowInChess"]
[Black "Tunahan_Makaraci"]
[Result "0-1"]
[WhiteElo "2278"]
[BlackElo "2517"]
[TimeControl "180+1"]
[EndTime "10:00:53 PST"]
[Termination "Tunahan_Makaraci won by resignation"]

1. e4 c6 2. d4 d5 3. exd5 cxd5 4. c4 Nf6 5. Nc3 Nc6 6. Bf4 Be6 7. c5 g6 8. Bb5 Bg7 9. Nf3 O-O 10. Bxc6 bxc6 11.
O-O Bg4 12. h3 Bxf3 13. Qxf3 e6 14. Rab1 Nd7 15. Qd3 f6 16. b4 e5 17. Be3 e4 18.
Qd2 a6 19. a4 f5 20. b5 axb5 21. axb5 Qc8 22. Rb2 h6 23. Bxh6 Ra3 24. Bxg7 Kxg7 25.
Rfb1 f4 26. bxc6 Qxc6 27. Rb7 Kg8 28. Qb2 Rfa8 29. Qb5 Qxb5 30. Nxb5 Ra1 31. Nc3 Rxb1+ 32. Rxb1 Nf6 33. Rb6 Kg7 34. Rd6 Ra1+ 35. Kh2 e3 36.
fxe3 fxe3 37. Kg3 Ne4+ 38. Nxe4 e2 39. Rd7+ Kh6 40. Ng5 e1=Q+ 41. Kg4 Qe2+ 42. Nf3 Qxg2+ 43. Kf4 g5+ 44. Ke5 Re1+ 0-1

[Event "Early-Titled-Tuesday-Blitz-January-30-2024"]
[Site "Chess.com"]
[Date "2024.01.30"]
[Round "10"]
[White "Alenzer"]
[Black "giovannibrandao7"]
[Result "0-1"]
[WhiteElo "2117"]
[BlackElo "2124"]
[TimeControl "180+1"]
[EndTime "10:00:53 PST"]
[Termination "giovannibrandao7 won by checkmate"]

1. e4 c5 2. Nf3 d6 3. c3 Nf6 4.
h3 Nc6 5. Bd3 g6 6. Bc2 Bg7 7. O-O O-O 8. Re1 e5 9. d4 cxd4 10. cxd4 Qe7 11. Nc3 h6 12. a3 a6 13.
Na4 b5 14. Nb6 Rb8 15. Nd5 Qd8 16. Be3 Bb7 17. Qd2 Kh7 18. dxe5 dxe5 19. Bb6 Qc8 20. Bc7 Nxd5 21. Bxb8 Nf4 22. Bxe5 Nxe5 23. Qxf4 Nxf3+ 24. gxf3 Qxc2 25. Rac1 Qxb2 26. Rc7 Bc8 27. Rxf7 Rxf7 28.
Qxf7 Bxh3 29. Rd1 Qe5 30. Rc1 Qg5+ 31. Kh2 Qg2# 0-1

[Event "Early-Titled-Tuesday-Blitz-January-30-2024"]
[Site "Chess.com"]
[Date "2024.01.30"]
[Round "10"]
[White "Lion-Al-Messi"]
[Black "ValentunHulka"]
[Result "1-0"]
[WhiteElo "2599"]
[BlackElo "2783"]
[TimeControl "180+1"]
[EndTime "10:00:54 PST"]
[Termination "Lion-Al-Messi won by resignation"]

1. e4 c5 2. Nf3 d6 3. d4 cxd4 4. Nxd4 e5 5. Nb3 Nf6 6. Nc3 Be7 7. f3 O-O 8. g4 a6 9. h4 b5 10. Be3 Be6 11. Qd2 Nbd7 12. h5 b4 13. Nd5 Bxd5 14.
exd5 Nb6 15. Bxb6 Qxb6 16. g5 Nd7 17. Bd3 a5 18. g6 h6 19. a4 bxa3 20. Rxa3 a4 21. Bf5 axb3 22. gxf7+ Kh8 23. Rxb3 Qc7 24. Rc3 Nc5 25. Qg2 Ra1+ 26. Ke2 Rxh1 27. Qxh1 Qb7 28.
Qg2 Nd7 29. Rb3 Qa6+ 30. Bd3 Qa5 31. Rb7 Nf6 32. Rxe7 Qxd5 33. Qg6 Qc6 34. Re6 Qd7 35. Rxf6 1-0

[Event "Early-Titled-Tuesday-Blitz-January-30-2024"]
[Site "Chess.com"]
[Date "2024.01.30"]
[Round "10"]
[White "averageFM"]
[Black "SirGerhard"]
[Result "1-0"]
[WhiteElo "2585"]
[BlackElo "2729"]
[TimeControl "180+1"]
[EndTime "10:00:55 PST"]
[Termination "averageFM won by resignation"]

1. d4 Nf6 2. Nc3 d5 3. e4 dxe4 4. f3 e3 5. Bxe3 g6 6. Qd2 Bg7 7. O-O-O c6 8. g4 Nd5 9. Nxd5 Qxd5 10. Kb1 Bxg4 11. fxg4 Qxh1 12. Bg2 Qxg2 13. Qxg2 Nd7 14. Nf3 Nf6 15. Ne5 O-O 16. h4 Rfd8 17. Bc1 Rd6 18. Qf3 Rf8 19. c3 Nd5 20. Rf1 Rf6 21. Qg2 Re6 22. Nd3 b6 23. Nf4 Nxf4 24. Bxf4 f5 25.
g5 Re4 26. Qf3 c5 27. Be5 Bxe5 28. dxe5 Rxe5 29. h5 f4 30. hxg6 hxg6 31. Qg4 Rff5 32. Rxf4 Rxg5 33. Qc8+ Kg7 34. Qf8+ 1-0

[Event "Early-Titled-Tuesday-Blitz-January-30-2024"]
[Site "Chess.com"]
[Date "2024.01.30"]
[Round "10"]
[White "santosalberto1987"]
[Black "LileKoridze"]
[Result "0-1"]
[WhiteElo "2521"]
[BlackElo "2389"]
[TimeControl "180+1"]
[EndTime "10:00:55 PST"]
[Termination "LileKoridze won by resignation"]

1. e4 c5 2. Nf3 d6 3. Bb5+ Nd7 4.
d4 cxd4 5. Qxd4 a6 6. Bxd7+ Bxd7 7.
Nc3 Nf6 8. Bg5 e6 9. O-O-O Be7 10. Rhe1 Qa5 11. e5 dxe5 12. Nxe5 Rd8 13. Qh4 h6 14. f4 O-O 15. Bxh6 gxh6 16. Qxh6 Bc6 17.
Qg5+ Kh8 18. Rxd8 Qxd8 19. Re3 Nh7 20. Qh5 Qd4 21. Rh3 Qxf4+ 22. Kb1 Qf5 23. Qe2 Bf6 24. Nf3 Rg8 25. Rh6 Bxf3 26. gxf3 Rg1+ 27. Nd1 Qd5 0-1

[Event "Early-Titled-Tuesday-Blitz-January-30-2024"]
[Site "Chess.com"]
[Date "2024.01.30"]
[Round "10"]
[White "Maftuna2303"]
[Black "MBA_CHESS_2021"]
[Result "1-0"]
[WhiteElo "2432"]
[BlackElo "2243"]
[TimeControl "180+1"]
[EndTime "10:00:56 PST"]
[Termination "Maftuna2303 won on time"]

1. e4 b6 2. d4 Bb7 3. Nc3 g6 4. f4 Bg7 5. Nf3 Nf6 6. Bd3 d6 7. O-O O-O 8. e5 Nd5 9. Nxd5 Bxd5 10. c3 c5 11. Be3 cxd4 12. cxd4 Nc6 13. Rc1 Nb4 14. Bb1 Bxa2 15. Bxa2 Nxa2 16. Rc4 b5 17. Rc6 Nb4 18. Rc1 Nd5 19. Bd2 Qb6 20. Qe2 a5 21. Qe4 e6 22. Ng5 h6 23. Nf3 Rfc8 24. Nh4 Rc4 25. Rxc4 bxc4 26. f5 Qxb2 27. fxe6 fxe6 28. Bxh6 dxe5 29. Qxg6 Qxd4+ 30. Kh1 e4 31. Qxe6+ Kh8 32.
Nf5 Rf8 33. Bxg7+ Qxg7 34. Qxd5 Qf6 35. Qxe4 c3 36. Qc2 1-0

[Event "Early-Titled-Tuesday-Blitz-January-30-2024"]
[Site "Chess.com"]
[Date "2024.01.30"]
[Round "10"]
[White "AttilaTurzo"]
[Black "Bkmzzzzz"]
[Result "1-0"]
[WhiteElo "2485"]
[BlackElo "2336"]
[TimeControl "180+1"]
[EndTime "10:00:57 PST"]
[Termination "AttilaTurzo won by checkmate"]

1. e4 d6 2. d4 Nf6 3. Nc3 e5 4. Nf3 Nbd7 5. Bc4 Be7 6. O-O O-O 7. a4 c6 8. Re1 b6 9. d5 cxd5 10. Nxd5 Nxd5 11. Bxd5 Rb8 12. c4 Nf6 13. b4 Nxd5 14. cxd5 f5 15. Nd2 f4 16. b5 Qe8 17. Ba3 Qg6 18.
Kh1 Bh4 19. Rf1 Bg4 20. f3 Bd7 21. Re1 Bxe1 22. Qxe1 Rbc8 23. Rc1 Rxc1 24. Qxc1 Rc8 25. Nc4 Qf6 26. Qf1 Rxc4 27. Qxc4 Qd8 28. Kg1 Be8 29.
Qb4 Qc7 30. Qxd6 Qc2 31. Qf8# 1-0

[Event "Early-Titled-Tuesday-Blitz-January-30-2024"]
[Site "Chess.com"]
[Date "2024.01.30"]
[Round "10"]
[White "ProChessWICTH"]
[Black "NovakRatko"]
[Result "1-0"]
[WhiteElo "2528"]
[BlackElo "2378"]
[TimeControl "180+1"]
[EndTime "10:01:00 PST"]
[Termination "ProChessWICTH won by checkmate"]

1. e4 d5 2. exd5 c6 3. dxc6 Nxc6 4. Nf3 e5 5. d3 Bc5 6. Be2 f5 7. Nc3 Nf6 8. O-O O-O 9. a3 a5 10. Nd2 Nd4 11. Nc4 Re8 12. Be3 Nxe2+ 13. Qxe2 Bd4 14. Nb5 Bd7 15. a4 Bc6 16. f3 Qd7 17. Bxd4 exd4 18.
Qf2 Bxb5 19. axb5 Qxb5 20. Nd6 Qxb2 21. Nxe8 Rxe8 22. Rxa5 Rc8 23. Rxf5 Rxc2 24. Qg3 Rc6 25. Re1 Rc1 26. Qb8+ Kf7 27. Qe8# 1-0

[Event "Early-Titled-Tuesday-Blitz-January-30-2024"]
[Site "Chess.com"]
[Date "2024.01.30"]
[Round "10"]
[White "FGHSMN"]
[Black "Hikaru"]
[Result "0-1"]
[WhiteElo "2914"]
[BlackElo "3280"]
[TimeControl "180+1"]
[EndTime "10:01:03 PST"]
[Termination "Hikaru won by resignation"]

1. d4 g6 2. c4 Bg7 3. Nd2 Bxd4 4. Ngf3 Bg7 5. g3 Nf6 6. Bg2 d5 7. O-O O-O 8. cxd5 Nxd5 9. a3 Nc6 10. Qc2 e5 11. Rd1 Qe7 12. Ne4 Rd8 13. b4 Nd4 14.
Nxd4 exd4 15. Bb2 Bf5 16. Qc5 Qxc5 17. Nxc5 Nc3 18. Rd2 Re8 19. Bxb7 Nxe2+ 20. Kg2 Rad8 21. Bc6 Re7 22. Rad1 Rd6 23. Bf3 Nc3 24. Rc1 Bh6 25.
Rxd4 Bxc1 26. Bxc3 Rxd4 27. Bxd4 Bxa3 28. g4 Bc8 29.
Ne4 Rxe4 30. Bxe4 Bxb4 31. Bxa7 Bxg4 32. h3 Be6 33. f4 Bd6 34. Be3 c5 35. h4 h5 36. Kf3 Be7 37. Bf2 c4 38. Ke2 Bf6 39. Kd2 Bf5 40. Bxf5 gxf5 41. Ke2 Kf8 42. Bc5+ Ke8 43.
Bf2 Kd7 44. Kf3 Ke6 0-1

[Event "Early-Titled-Tuesday-Blitz-January-30-2024"]
[Site "Chess.com"]
[Date "2024.01.30"]
[Round "10"]
[White "korkmaz16"]
[Black "HajiyevKanan"]
[Result "1-0"]
[WhiteElo "2473"]
[BlackElo "2564"]
[TimeControl "180+1"]
[EndTime "10:01:03 PST"]
[Termination "korkmaz16 won on time"]

1. e4 c6 2. Nc3 d5 3. d4 a6 4. Nf3 Bg4 5. h3 Bh5 6. Bd3 e6 7. g4 Bg6 8. Qe2 Nf6 9. Bg5 Be7 10. O-O-O Qa5 11. Kb1 Bb4 12. Bd2 dxe4 13. Nxe4 Nxe4 14. Bxe4 Bxe4 15. Qxe4 Bxd2 16. Nxd2 O-O 17. h4 Nd7 18. g5 Qd5 19. Qe3 Rfe8 20. f4 c5 21. Nf3 c4 22. Ne5 b5 23. Nxd7 Qxd7 24. h5 b4 25. h6 Qd5 26. hxg7 Kxg7 27. Qh3 Qf5 28.
Qh6+ Kg8 29. g6 fxg6 30. Qxh7+ Kf8 31. Qc7 Re7 32. Qxc4 Kg7 33. d5 e5 34. d6 Rd7 35.
fxe5 Qxe5 36. Qxb4 Rc8 37. Qh4 Qh5 38. Qd4+ Kf7 39.
Rxh5 1-0

[Event "Early-Titled-Tuesday-Blitz-January-30-2024"]
[Site "Chess.com"]
[Date "2024.01.30"]
[Round "10"]
[White "ContrVersia"]
[Black "Chernobay_Artem"]
[Result "1-0"]
[WhiteElo "2844"]
[BlackElo "2657"]
[TimeControl "180+1"]
[EndTime "10:01:09 PST"]
[Termination "ContrVersia won by resignation"]

1. Nf3 Nf6 2. c4 g6 3. g3 Bg7 4. Bg2 O-O 5. O-O d6 6. d4 c6 7.
Nc3 Bf5 8. Ng5 e5 9. d5 h6 10.
e4 Bd7 11. Nf3 Na6 12. dxc6 Bxc6 13. Re1 Nc5 14. Qc2 Rc8 15. b4 Ne6 16. Bb2 a5 17.
a3 Re8 18. Qb3 axb4 19. axb4 Qb6 20. Nd5 Bxd5 21. exd5 Nc5 22. Qa3 Na6 23. c5 Qxb4 24. cxd6 Rcd8 25. Nxe5 Qxa3 26. Rxa3 Ng4 27. f4 Rxd6 28. h3 Nf6 29. Rd1 Red8 30. Nc4 R6d7 31. d6 Ne8 32. Be5 f6 33. Ba1 Nxd6 34. Rad3 Nxc4 35.
Rxd7 Rxd7 36. Rxd7 Nc5 37. Bd5+ Kf8 38. Rf7+ Ke8 39.
Bxc4 1-0

[Event "Early-Titled-Tuesday-Blitz-January-30-2024"]
[Site "Chess.com"]
[Date "2024.01.30"]
[Round "10"]
[White "ImportedItalianMaple"]
[Black "FREDERICKtheMATE"]
[Result "0-1"]
[WhiteElo "2466"]
[BlackElo "2586"]
[TimeControl "180+1"]
[EndTime "10:01:09 PST"]
[Termination "FREDERICKtheMATE won on time"]

1. e4 c5 2. Nf3 Nc6 3. Bb5 g6 4. Bxc6 dxc6 5. Nc3 Bg7 6. d3 Qc7 7. Be3 b6 8. Qd2 e5 9. a3 h6 10. b4 f5 11. g3 cxb4 12. axb4 Nf6 13. Nh4 Kf7 14. O-O fxe4 15. Nxe4 Bh3 16. Rfe1 Nxe4 17. dxe4 Rhd8 18. Qc3 g5 19. Nf5 Kg6 20. Rad1 Bxf5 21. exf5+ Kxf5 22. b5 c5 23. Qc4 Qb7 24. h4 g4 25. h5 e4 26. Bf4 Bd4 27. Re2 Qd5 28. Qa4 Kf6 29. Kh2 Qxh5+ 30. Kg1 Bxf2+ 31. Kxf2 Rxd1 32. Qxe4 Qh2+ 33. Ke3 Qg1+ 34. Rf2 Re1+ 35. Kd3 Rxe4 0-1

[Event "Early-Titled-Tuesday-Blitz-January-30-2024"]
[Site "Chess.com"]
[Date "2024.01.30"]
[Round "10"]
[White "Happy1712Drummer"]
[Black "Manukyan_Artak"]
[Result "0-1"]
[WhiteElo "2419"]
[BlackElo "2596"]
[TimeControl "180+1"]
[EndTime "10:01:09 PST"]
[Termination "Manukyan_Artak won by resignation"]

1. e4 c6 2. d4 d5 3. Nc3 dxe4 4. Nxe4 Nf6 5. Nxf6+ exf6 6. Be2 Bd6 7. Bf3 O-O 8.
Ne2 Qc7 9. c4 c5 10. dxc5 Bxc5 11. O-O Nc6 12. Bf4 Qd8 13. a3 a5 14. Bd5 Ne5 15.
Nc3 Bf5 16. h3 Qd7 17. Ne4 Bxe4 18. Bxe4 Rad8 19. Qxd7 Rxd7 20. Bd5 b5 21. b3 Ng6 22. Bd2 a4 23. bxa4 bxc4 24. Bb4 Rxd5 25. Rfd1 Rxd1+ 26. Rxd1 Rc8 27. Rc1 Bd4 28. a5 Ne5 29. a6 Nd3 30. Rc2 Nxf2 31. Bc3 Bxc3 32. Kxf2 Bd4+ 33.
Kf3 c3 34. Ke4 Be5 35. Rc1 g5 36. Kd5 Ra8 0-1

[Event "Early-Titled-Tuesday-Blitz-January-30-2024"]
[Site "Chess.com"]
[Date "2024.01.30"]
[Round "10"]
[White "FlemingA"]
[Black "LuisFSiles"]
[Result "1-0"]
[WhiteElo "2469"]
[BlackElo "2255"]
[TimeControl "180+1"]
[EndTime "10:01:11 PST"]
[Termination "FlemingA won by resignation"]

1. e4 c5 2. Nf3 Nc6 3. Bb5 g6 4. c3 Nf6 5. Qe2 Bg7 6. O-O O-O 7. h3 e5 8. a4 Qe7 9. Na3 d6 10. Rd1 Bd7 11. Nc2 Na5 12. Ra3 Be6 13. d4 exd4 14. cxd4 Bb3 15. e5 Nd5 16. dxc5 dxc5 17. Qd2 Nb4 18.
Rxb3 Nxb3 19. Qe2 Nxc2 20. Qxc2 Nxc1 21. Rxc1 b6 22. Re1 Rad8 23. Bc4 Kh8 24. b3 Qd7 25. Qe4 Rfe8 26. Qh4 Qe7 27. Ng5 h6 28. Nxf7+ Kh7 29. Qxe7 Rxe7 30. Nxd8 1-0